 Dungeon Crawl Stone Soup version 0.22.1-2-g9c5b331 (webtiles) character file.

388 lysyklops the Skirmisher (level 6, -1/56 HPs)
             Began as a Minotaur Monk on Dec 16, 2018.
             Blown up by Ijyb (16 damage)
             ... with a wand of disintegration (4)
             ... on level 4 of the Dungeon.
             The game lasted 00:05:21 (3367 turns).

lysyklops the Skirmisher (Minotaur Monk)            Turns: 3367, Time: 00:05:22

Health: -1/56      AC:  5    Str: 17    XL:     6   Next: 49%
Magic:  5/5        EV: 13    Int:  7    God:
Gold:   141        SH:  0    Dex: 13    Spells: 5/5 levels left

rFire    . . .     SeeInvis .   a - +0 mace
rCold    . . .     Gourm    .   (no shield)
rNeg     . . .     Faith    .   i - +0 ring mail
rPois    .         Spirit   .   (helmet restricted)
rElec    .         Reflect  .   (no cloak)
rCorr    .         Harm     .   (no gloves)
MR       .....                  (no boots)
Stlth    +.........             (no amulet)
HPRegen  0.18/turn              (no ring)
MPRegen  0.09/turn              (no ring)

@: no status effects
A: retaliatory headbutt, horns 2
a: no special abilities


You were on level 4 of the Dungeon.
You were not hungry.

You visited 1 branch of the dungeon, and saw 4 of its levels.

You collected 141 gold pieces.

Inventory:

Hand Weapons
 a - a +0 mace (weapon)
 p - a +2 whip of pain
Armour
 i - a +0 ring mail (worn)
Jewellery
 n - an uncursed ring of positive energy {unknown}
 s - an uncursed ring of flight {unknown}
Scrolls
 b - a scroll of immolation {unknown}
 d - 6 scrolls of identify {unknown}
 e - 2 scrolls of teleportation {unknown}
 f - a scroll of fear {unknown}
 g - 3 scrolls of remove curse {unknown}
 l - a scroll of fog {unknown}
 m - 4 scrolls of blinking {unknown}
 q - a scroll of noise {unknown}
Potions
 h - 2 potions of curing {unknown}
 j - a potion of flight {unknown}
 k - a potion of heal wounds {unknown}
 o - a potion of lignification {unknown}
 r - a potion of brilliance {unknown}
Comestibles
 c - 7 rations


   Skills:
 + Level 5.4 Fighting
 + Level 5.4 Maces & Flails
 + Level 3.7 Armour
 + Level 4.8 Dodging
 - Level 1.7 Stealth


You had 5 spell levels left.
You didn't know any spells.
Your spell library was empty.

Dungeon Overview and Level Annotations

Branches:
Dungeon (4/15)
 Temple: D:4-7

Altars:
Ashenzari
Cheibriados
Trog
The Shining One

Annotations:
D:4 2 transporters, Ijyb


Innate Abilities, Weirdness & Mutations

You reflexively headbutt those who attack you in melee.
You have a pair of horns on your head.


Message History

You barely miss Ijyb.
Ijyb is heavily wounded.
Ijyb closely misses you.
You hit Ijyb. Your headbutt misses Ijyb.
Ijyb is heavily wounded.
Ijyb closely misses you. You furiously retaliate!
You headbutt Ijyb. You closely miss Ijyb.
Ijyb is severely wounded.
Ijyb screams, "I cut your head off!" Ijyb hits you.
You closely miss Ijyb. Your headbutt misses Ijyb.
Ijyb is severely wounded.
Ijyb zaps a wand.
You are blasted!
* * * LOW HITPOINT WARNING * * *
Ijyb misses you.
You are too injured to fight recklessly!
You hit Ijyb.
Ijyb is almost dead.
Ijyb zaps a wand.
You are blasted!
You die...

#.. #.##### ##
######.#...###.. ...
................ ..#
..##.........# ..#
.............#. .!#
.###.........#.# ..# .#
#........#.#g##(.#
.#####.#...#.# #@#..#
............## ##...###
.#####.#####.###......#
# .# #.# #.#.#.....#.#
.# #.# #........... .#
#.# ###......### .# #.#
#......# .# #.#
#.##.### .# .# #.#
#.##.# ###.#


You could see Ijyb.

Vanquished Creatures
  Menkaure (D:4)
  Blork the orc (D:4)
  Natasha (D:4)
  A worker ant (D:4)
  8 adders
  An ooze (D:1)
  A worm (D:3)
  3 dart slugs
  5 leopard geckos
  3 orcs
  4 giant cockroaches
  9 goblins
  6 hobgoblins
  5 jackals
  3 kobolds (D:2)
  8 bats
  2 frilled lizards
  A quokka skeleton (D:4)
  4 rats
67 creatures vanquished.

Notes
Turn   | Place    | Note
-------+----------+-------------------------------------------
     0 | D:1      | lysyklops the Minotaur Monk began the quest for the Orb.
     0 | D:1      | Reached XP level 1. HP: 19/19 MP: 0/0
   150 | D:1      | Reached XP level 2. HP: 22/27 MP: 1/1
   167 | D:1      | Reached skill level 1 in Armour
   790 | D:2      | Reached XP level 3. HP: 33/33 MP: 2/2
   991 | D:2      | Reached XP level 4. HP: 34/41 MP: 3/3
  1549 | D:2      | Found a bloodstained altar of Trog.
  1932 | D:3      | Found a shattered altar of Ashenzari.
  2244 | D:4      | Noticed Menkaure
  2249 | D:4      | Killed Menkaure
  2249 | D:4      | Reached skill level 5 in Fighting
  2249 | D:4      | Reached skill level 5 in Maces & Flails
  2249 | D:4      | Reached XP level 5. HP: 18/48 MP: 4/4
  2477 | D:4      | Noticed Blork the orc
  2488 | D:4      | Killed Blork the orc
  2488 | D:4      | Reached XP level 6. HP: 7/56 MP: 5/5
  3060 | D:4      | Found a transporter.
  3075 | D:4      | Found a transporter.
  3076 | D:4      | Noticed a gargoyle
  3096 | D:4      | Noticed Natasha
  3159 | D:4      | Killed Natasha
  3196 | D:4      | Found a snail-covered altar of Cheibriados.
  3198 | D:4      | Found a glowing golden altar of the Shining One.
  3353 | D:4      | Noticed Ijyb
  3367 | D:4      | Blown up by Ijyb

Skill      XL: |  1  2  3  4 |
---------------+-------------+-----
Armour         | 1 2 3 |  3.7
Fighting       | 4 5 |  5.4
Maces & Flails | 4 5 |  5.4
Dodging        | 4 |  4.8
Stealth        | |  1.7

Action                   |  1- 3 |  4- 6 || total
-------------------------+-------+-------++-------
Melee: Mace              |    62 |   136 ||   198
       Headbutt          |     9 |    24 ||    33
 Stab: Sleeping          |     5 |     1 ||     6
  Eat: Chunk             |       |     8 ||     8
Armor: Robe              |     3 |       ||     3
       Ring mail         |    14 |    36 ||    50
Dodge: Dodged            |    48 |    86 ||   134
